 Dungeon Crawl Stone Soup version 0.29-a0-598-gd8304a5bf4 (webtiles) character file.

Game seed: 15203101172339587239

8915 vulpzor the Fighter (level 11, -7/92 HPs)
             Began as a Gnoll Wanderer on June 16, 2022.
             Was the Champion of Cheibriados.
             Mangled by a wolf (8 damage)
             ... led by Grum
             ... on level 9 of the Dungeon.
             The game lasted 00:46:58 (12611 turns).

vulpzor the Fighter (Gnoll Wanderer)               Turns: 12611, Time: 00:46:59

Health: -7/92      AC: 11    Str: 30    XL:     11   Next: 38%
Magic:  0/20       EV: 17    Int: 27    God:    Cheibriados [******]
Gold:   210        SH:  0    Dex: 27    Spells: 5/22 levels left

rFire   . . .      SeeInvis .   a - +5 falchion
rCold   . . .      Faith    .   (no shield)
rNeg    . . .      Spirit   +   A - +1 acid dragon scales
rPois   .          Reflect  .   H - +1 hat {Will+}
rElec   .          Harm     .   (no cloak)
rCorr   +          Rampage  .   b - +1 pair of gloves
Will    +....                   (no boots)
Stlth   ++++......              h - amulet of guardian spirit
HPRegen 0.25/turn               f - ring of resist corrosion
MPRegen 0.17/turn               (no ring)

@: very slow
A: fangs 1, strong nose, distributed training
a: Renounce Religion, Bend Time, Temporal Distortion, Slouch, Step From Time


You were on level 9 of the Dungeon.
You worshipped Cheibriados.
Cheibriados was exalted by your worship.
You visited 1 branch of the dungeon, and saw 9 of its levels.

You collected 449 gold pieces.
You spent 239 gold pieces at shops.

Inventory:

Hand Weapons
 a - a +5 falchion (weapon)
 o - a +2 dagger of venom
 q - a +0 whip of electrocution
 t - a +1 dagger of venom
 v - a +0 vorpal hand axe
 x - a +0 vampiric dagger
 y - a +1 mace of protection
 B - a +1 flail of draining
 D - a +2 vorpal quarterstaff
 G - a +2 war axe of distortion
Missiles
 F - 3 throwing nets (quivered)
Armour
 b - a +1 pair of gloves (worn)
 d - a +0 leather armour
 s - a +0 helmet
 A - +1 acid dragon scales (worn)
 H - a +1 hat of willpower (worn)
Magical Staves
 g - a staff of poison
 w - a staff of cold
Jewellery
 f - a ring of resist corrosion (left hand)
 h - an amulet of guardian spirit (around neck)
Wands
 e - a wand of polymorph (14)
 E - a wand of flame (42)
 I - a wand of quicksilver (14)
Scrolls
 c - 2 scrolls of vulnerability
 i - 2 scrolls of poison
 K - a scroll of identify
Potions
 j - a potion of might
 k - a potion of resistance {unknown}
 l - 3 potions of lignification
 n - 2 potions of magic
 p - 3 potions of brilliance
 r - 4 potions of flight
 u - a potion of curing
 z - 2 potions of berserk rage
 C - 2 potions of attraction {unknown}


   Skills:
 + Level 10.6 Fighting
 + Level 6.2 Short Blades
 + Level 7.8 Long Blades
 + Level 6.2 Axes
 + Level 6.2 Maces & Flails
 + Level 6.2 Polearms
 + Level 6.2 Staves
 + Level 6.2 Slings
 + Level 6.2 Bows
 + Level 6.2 Crossbows
 + Level 6.8 Throwing
 + Level 6.2 Armour
 + Level 6.2 Dodging
 + Level 6.7 Stealth
 + Level 6.2 Shields
 + Level 6.2 Unarmed Combat
 + Level 6.2 Spellcasting
 + Level 5.1 Conjurations
 + Level 5.1 Hexes
 + Level 5.1 Summonings
 + Level 5.1 Necromancy
 + Level 5.1 Translocations
 + Level 5.1 Transmutations
 + Level 5.1 Fire Magic
 + Level 5.1 Ice Magic
 + Level 5.1 Air Magic
 + Level 5.1 Earth Magic
 + Level 5.1 Poison Magic
 + Level 6.8 Invocations
 + Level 7.8 Evocations


You had 5 spell levels left.
You knew the following spells:

 Your Spells              Type           Power      Damage    Failure   Level
a - Foxfire               Conj/Fire      100%       2x1d9     1%          1
b - Conjure Flame         Conj/Fire      36%        6-21      2%          3
c - Animate Armour        Summ/Erth      72%        N/A       9%          4
d - Flame Wave            Conj/Fire      36%        2d9       9%          4
e - Agony                 Necr           36%        N/A       24%         5

Your spell library contained the following spells:

 Spells                   Type           Power      Damage    Failure   Level
 Sublimation of Blood     Necr           36%        N/A       1%          2
 Wereblood                Tmut           36%        N/A       1%          2
 Dazzling Flash           Conj/Hex       72%        N/A       2%          3
 Inner Flame              Hex/Fire       36%        N/A       2%          3
 Blade Hands              Tmut           18%        N/A       24%         5
 Silence                  Hex/Air        18%        N/A       24%         5
 Iron Shot                Conj/Erth      18%        9d4       78%         6
 Summon Hydra             Summ           18%        N/A       100%        7


Dungeon Overview and Level Annotations

Branches:
Dungeon (9/15)             Temple (0/1) D:6
   Lair: D:8-11         Orc: D:9-12

Altars:
Cheibriados
Fedhas
Gozag
Makhleb
Nemelex Xobeh
Trog
Uskayaw

Shops:
D:2 [?[=!   D:5 !   D:7 (

Annotations:
D:9 Grum


Innate Abilities, Weirdness & Mutations

You have very sharp teeth.
Your uncanny sense of smell can sniff out nearby items.
Your experience applies equally to all skills.


Message History

* * * LOW HITPOINT WARNING * * *
Grum freezes you.
* * * LOW HITPOINT WARNING * * *
The wolf bites you.
* * * LOW HITPOINT WARNING * * *
The wolf completely misses you. The wolf misses you.
The wolf barely misses you.
As you read the scroll labelled IXOB GU BUUWN, it crumbles to dust.
The creatures around you are filled with an inner flame!
It was a scroll of immolation.
The wolf bites you but does no damage. The wolf bites you. The wolf misses you.
The wolf completely misses you. Grum misses you. The wolf bites you.
* * * LOW HITPOINT WARNING * * *
The wolf barely misses you. The wolf bites you. The wolf misses you.
It was a potion of magic.
Magic courses through your body.
The wolf barely misses you. x2; The wolf bites you.
* * * LOW HITPOINT WARNING * * *
Grum closely misses you. The wolf bites you.
* * * LOW HITPOINT WARNING * * *
The wolf barely misses you. x3
The wolf barely misses you. The wolf bites you but does no damage.
The wolf completely misses you. The wolf barely misses you. The wolf bites you.
* * * LOW HITPOINT WARNING * * *
Grum hits you from afar with a +1 spear of freezing.
* * * LOW HITPOINT WARNING * * *
Grum freezes you.
* * * LOW HITPOINT WARNING * * *
The wolf misses you. The wolf bites you.
* * * LOW HITPOINT WARNING * * *
The wolf barely misses you. The wolf bites you but does no damage.
The wolf attacks as you move away! The wolf barely misses you.
The wolf attacks as you move away! The wolf barely misses you.
The wolf completely misses you. The wolf closely misses you.
The wolf bites you but does no damage. The wolf closely misses you.
The wolf bites you. The wolf bites you but does no damage.
The wolf attacks as you move away! The wolf bites you but does no damage.
The wolf bites you.
* * * LOW HITPOINT WARNING * * *
The wolf bites you but does no damage. The wolf misses you. The wolf bites you!
You die...

###########################
...........................
...............hh.......#####
..............gh@............
...............h.....<.......
#########....................
#.##########......... #.#
#......... #.# #......... #.#
#......... #.# #......... ...
..........


You could see Grum (inner flame) and 4 wolves.

Vanquished Creatures
  Gastronok (D:8)
  Pikel (D:8)
  Maurice (D:8)
  Maggie (D:6)
  A wyvern (D:5)
  14 yaks
  Menkaure (D:5)
  Edmund (D:5)
  3 water moccasins
  Duvessa (D:6)
  A sky beast (D:6)
  2 black bears
  3 ice beasts
  4 ogres
  4 centaurs
  2 phantoms
  3 kobold brigands
  3 bullfrogs
  2 gnoll sergeants (D:6)
  2 necrophages (D:6)
  4 scorpions
  Dowan (D:6)
  11 killer bees (D:8)
  3 howler monkeys (D:7)
  A gnoll shaman (D:8)
  3 orc priests
  7 hounds
  3 jellies
  7 orc wizards
  Natasha (thrice) (D:2)
  6 iguanas
  Robin (D:2)
  10 adders
  15 gnolls
  A shadow imp (D:5)
  An ufetubus (D:4)
  2 worms (D:2)
  20 orcs
  5 ball pythons
  6 bats
  11 endoplasms
  A giant cockroach (D:3)
  15 goblins
  6 hobgoblins
  4 jackals
  13 kobolds
  4 quokkas
  4 frilled lizards (D:1)
  6 rats
225 creatures vanquished.

Vanquished Creatures (others)
  An orc wizard (D:5)
  A plant (D:7)
2 creatures vanquished.

Grand Total: 227 creatures vanquished

Notes
Turn   | Place    | Note
-------+----------+-------------------------------------------
     0 | D:1      | vulpzor the Gnoll Wanderer began the quest for the Orb.
     0 | D:1      | vulpzor set off with the following items: a +3 falchion, a
                  | +0 pair of gloves, a scroll of vulnerability, a +0 leather
                  | armour.
     0 | D:1      | Reached XP level 1. HP: 26/26 MP: 1/1
   142 | D:1      | Found a faded altar of an unknown god.
   156 | D:1      | Reached XP level 2. HP: 28/33 MP: 2/2
   206 | D:1      | Prayed at the altar of an unknown god.
   206 | D:1      | Became a worshipper of Cheibriados the Contemplative
   206 | D:1      | Reached * piety under Cheibriados
  1025 | D:1      | Reached XP level 3. HP: 38/38 MP: 3/3
  1090 | D:1      | Reached ** piety under Cheibriados
  1396 | D:2      | Found Yduwir's Antique Armour Boutique.
  1486 | D:2      | Reached skill level 1 in Invocations
  1637 | D:2      | Found Berid's Distillery.
  1653 | D:2      | Found Juifao's Armour Emporium.
  1868 | D:2      | Reached skill level 1 in Short Blades
  1868 | D:2      | Reached skill level 1 in Axes
  1868 | D:2      | Reached skill level 1 in Maces & Flails
  1868 | D:2      | Reached skill level 1 in Polearms
  1868 | D:2      | Reached skill level 1 in Staves
  1868 | D:2      | Reached skill level 1 in Slings
  1868 | D:2      | Reached skill level 1 in Bows
  1868 | D:2      | Reached skill level 1 in Crossbows
  1868 | D:2      | Reached skill level 1 in Armour
  1868 | D:2      | Reached skill level 1 in Dodging
  1868 | D:2      | Reached skill level 1 in Shields
  1868 | D:2      | Reached skill level 1 in Unarmed Combat
  1868 | D:2      | Reached skill level 1 in Spellcasting
  1868 | D:2      | Reached XP level 4. HP: 41/45 MP: 3/5
  1899 | D:2      | Noticed Natasha
  1908 | D:2      | Killed Natasha
  1971 | D:2      | Reached skill level 1 in Conjurations
  1971 | D:2      | Reached skill level 1 in Hexes
  1971 | D:2      | Reached skill level 1 in Summonings
  1971 | D:2      | Reached skill level 1 in Necromancy
  1971 | D:2      | Reached skill level 1 in Translocations
  1971 | D:2      | Reached skill level 1 in Transmutations
  1971 | D:2      | Reached skill level 1 in Fire Magic
  1971 | D:2      | Reached skill level 1 in Ice Magic
  1971 | D:2      | Reached skill level 1 in Air Magic
  1971 | D:2      | Reached skill level 1 in Earth Magic
  1971 | D:2      | Reached skill level 1 in Poison Magic
  2258 | D:2      | Reached XP level 5. HP: 48/51 MP: 5/7
  2350 | D:2      | Reached *** piety under Cheibriados
  2389 | D:2      | Noticed Robin
  2396 | D:2      | Killed Robin
  2523 | D:2      | Noticed Natasha
  2532 | D:2      | Killed Natasha
  2544 | D:2      | Noticed Natasha
  2553 | D:2      | Killed Natasha
  2726 | D:2      | Reached XP level 6. HP: 52/57 MP: 8/8
  2746 | D:2      | Bought a potion of curing for 39 gold pieces
  2768 | D:2      | Found Ede Hem's Jewellery Shop.
  2850 | D:2      | Found Onuuduh's Magic Scroll Shop.
  2859 | D:2      | Bought a scroll of identify for 24 gold pieces
  2859 | D:2      | Bought a scroll of teleportation for 36 gold pieces
  3124 | D:3      | Learned a level 1 spell: Foxfire
  3128 | D:3      | Learned a level 3 spell: Conjure Flame
  3132 | D:3      | Learned a level 3 spell: Inner Flame
  3209 | D:3      | Found an opulent altar of Gozag.
  3584 | D:3      | Reached **** piety under Cheibriados
  4032 | D:4      | Found a blossoming altar of Fedhas.
  4063 | D:4      | Reached skill level 5 in Long Blades
  4063 | D:4      | Reached skill level 5 in Evocations
  4534 | D:4      | Reached XP level 7. HP: 56/63 MP: 8/10
  5099 | D:5      | Entered Level 5 of the Dungeon
  5168 | D:5      | Reached skill level 9 in Fighting
  5483 | D:5      | Reached XP level 8. HP: 67/71 MP: 12/12
  5507 | D:5      | Found a hide-covered altar of Uskayaw.
  5516 | D:5      | Noticed Menkaure
  5538 | D:5      | Killed Menkaure
  5539 | D:5      | Reached ***** piety under Cheibriados
  5685 | D:5      | Found Nookkox's Distillery.
  5693 | D:5      | Bought a potion of heal wounds for 70 gold pieces
  5693 | D:5      | Bought a potion of heal wounds for 70 gold pieces
  5742 | D:5      | Found a bloodstained altar of Trog.
  6312 | D:5      | Noticed Edmund
  6320 | D:5      | Killed Edmund
  6553 | D:5      | Identified a scroll of acquirement
  6553 | D:5      | Acquired a book of the Senses
  6729 | D:6      | Noticed a yak
  6730 | D:6      | Noticed a yak
  6731 | D:6      | Noticed a yak
  6963 | D:6      | Noticed Duvessa
  6963 | D:6      | Noticed Dowan
  6975 | D:6      | Killed Duvessa
  6988 | D:6      | Killed Dowan
  7235 | D:6      | Killed a yak
  7236 | D:6      | Reached XP level 9. HP: 56/77 MP: 8/14
  7308 | D:6      | Found a burning altar of Makhleb.
  7443 | D:6      | Noticed Maggie
  7624 | D:6      | Reached skill level 5 in Throwing
  7658 | D:6      | Reached skill level 5 in Stealth
  8574 | D:5      | Reached skill level 5 in Invocations
  8722 | D:6      | Killed Maggie
  8768 | D:6      | Reached XP level 10. HP: 73/85 MP: 15/17
  9246 | D:6      | Reached skill level 5 in Short Blades
  9246 | D:6      | Reached skill level 5 in Axes
  9246 | D:6      | Reached skill level 5 in Maces & Flails
  9246 | D:6      | Reached skill level 5 in Polearms
  9246 | D:6      | Reached skill level 5 in Staves
  9246 | D:6      | Reached skill level 5 in Slings
  9246 | D:6      | Reached skill level 5 in Bows
  9246 | D:6      | Reached skill level 5 in Crossbows
  9246 | D:6      | Reached skill level 5 in Armour
  9246 | D:6      | Reached skill level 5 in Dodging
  9246 | D:6      | Reached skill level 5 in Shields
  9246 | D:6      | Reached skill level 5 in Unarmed Combat
  9246 | D:6      | Reached skill level 5 in Spellcasting
  9567 | D:6      | Found a staircase to the Ecumenical Temple.
  9587 | D:6      | Reached skill level 10 in Fighting
  9777 | D:6      | Learned a level 4 spell: Animate Armour
  9782 | D:6      | Learned a level 4 spell: Flame Wave
  9989 | D:7      | Found Ocsaanko's Hydra Hut.
  9990 | D:7      | Noticed an eight-headed hydra
 10470 | D:7      | Learned a level 5 spell: Agony
 10565 | D:8      | Noticed Maurice
 10565 | D:8      | Noticed Pikel
 10638 | D:8      | Reached ****** piety under Cheibriados
 11548 | D:8      | Killed Pikel
 11551 | D:8      | Noticed Gastronok
 11613 | D:8      | Killed Gastronok
 11614 | D:8      | Reached skill level 5 in Conjurations
 11614 | D:8      | Reached skill level 5 in Hexes
 11614 | D:8      | Reached skill level 5 in Summonings
 11614 | D:8      | Reached skill level 5 in Necromancy
 11614 | D:8      | Reached skill level 5 in Translocations
 11614 | D:8      | Reached skill level 5 in Transmutations
 11614 | D:8      | Reached skill level 5 in Fire Magic
 11614 | D:8      | Reached skill level 5 in Ice Magic
 11614 | D:8      | Reached skill level 5 in Air Magic
 11614 | D:8      | Reached skill level 5 in Earth Magic
 11614 | D:8      | Reached skill level 5 in Poison Magic
 11614 | D:8      | Reached XP level 11. HP: 59/92 MP: 13/20
 11799 | D:8      | Killed Maurice
 11907 | D:8      | Found a sparkling altar of Nemelex Xobeh.
 12593 | D:9      | Noticed Grum
 12609 | D:9      | HP: 3/92 [wolf[Grum] (3)]
 12611 | D:9      | HP: 1/92 [wolf[Grum] (3)]
 12611 | D:9      | Mangled by a wolf

Illustrated notes

Levels and vault maps discovered:
D:1:      onia_arrival_handbag, layout_basic,
          hellmonk_ecumenical_altar_arch_garden
D:2:      layout_rooms, serial_shops, shop, nicolae_shop_crystal,
          nicolae_shop_hallway_stairs, shop, shop, uniq_robin, uniq_natasha
D:3:      layout_basic, nicolae_gozag_seed_capital
D:4:      layout_gridville, fedhas_altar_4, grunt_decor_clamped,
          minmay_misc_feat_four_crosses
D:5:      layout_basic, nicolae_uskayaw_murder_on_the_dancefloor,
          overflow_temple_1_default, serial_shops, shop_fountains,
          grunt_ministairs_4, dk_rats_in_the_wall, uniq_edmund, uniq_menkaure
D:6:      cheibrodos_fzero, layout_basic, makhleb_heckhound_becter,
          temple_doors_e, uniq_duvessa, uniq_maggie
D:7:      layout_basic, doesnt_shop_hydraphobe
D:8:      layout_loops_ring, mainiacjoe_overflow_paths, uniq_gastronok,
          uniq_maurice, uniq_pikel
D:9:      layout_long_grid, nicolae_overflow_hidden_temple, uniq_joseph,
          uniq_grum

Skill      XL: |  1  2  3  4  5  6  7  8  9 10 |
---------------+-------------------------------+-----
Invocations    | 1 2 3 4 5 6 |  6.8
Short Blades   | 1 2 3 4 6 |  6.2
Axes           | 1 2 3 4 6 |  6.2
Maces & Flails | 1 2 3 4 6 |  6.2
Polearms       | 1 2 3 4 6 |  6.2
Staves         | 1 2 3 4 6 |  6.2
Slings         | 1 2 3 4 6 |  6.2
Bows           | 1 2 3 4 6 |  6.2
Crossbows      | 1 2 3 4 6 |  6.2
Armour         | 1 2 3 4 6 |  6.2
Dodging        | 1 2 3 4 6 |  6.2
Shields        | 1 2 3 4 6 |  6.2
Unarmed Combat | 1 2 3 4 6 |  6.2
Spellcasting   | 1 2 3 4 6 |  6.2
Conjurations   | 1 2 3 4 5 |  5.1
Hexes          | 1 2 3 4 5 |  5.1
Summonings     | 1 2 3 4 5 |  5.1
Necromancy     | 1 2 3 4 5 |  5.1
Translocations | 1 2 3 4 5 |  5.1
Transmutations | 1 2 3 4 5 |  5.1
Fire Magic     | 1 2 3 4 5 |  5.1
Ice Magic      | 1 2 3 4 5 |  5.1
Air Magic      | 1 2 3 4 5 |  5.1
Earth Magic    | 1 2 3 4 5 |  5.1
Poison Magic   | 1 2 3 4 5 |  5.1
Throwing       | 3 4 5 6 |  6.8
Stealth        | 3 4 5 6 |  6.7
Long Blades    | 5 6 7 |  7.8
Evocations     | 5 6 7 |  7.8
Fighting       | 9 10 | 10.6

Action                   |  1- 3 |  4- 6 |  7- 9 | 10-12 || total
-------------------------+-------+-------+-------+-------++-------
Melee: Falchion          |    96 |   143 |   286 |   323 ||   848
       Bite              |     4 |    17 |    46 |    41 ||   108
       Punch             |     1 |     1 |    15 |    15 ||    32
       Unarmed           |       |       |       |     1 ||     1
Invok: Bend Time         |       |       |     1 |     2 ||     3
  Use: Potion            |       |     1 |     4 |     3 ||     8
       Scroll            |       |     6 |    11 |     6 ||    23
 Stab: Sleeping          |    11 |    10 |     4 |     6 ||    31
       Distracted        |       |     1 |       |       ||     1
Armor: Leather armour    |    21 |    30 |   102 |       ||   153
       Acid dragon scale |       |       |    13 |   150 ||   163
       Skin              |       |       |       |     1 ||     1
Dodge: Dodged            |    57 |    83 |   251 |   483 ||   874

Table legend: (Time is in decaauts)
 A = Elapsed time spent in this place.
 B = Non-inter-level travel time spent in this place.
 C = Inter-level travel time spent in this place.
 D = Time resting spent in this place.
 E = Time spent auto-exploring this place.
 F = Levels seen in this place.
 G = Mean time per level.
                   A        B        C        D        E       F      G
               +--------+--------+--------+--------+--------+-----+--------+
         Total |  16965 |  16965 |      0 |   3511 |   8421 |   9 | 1885.0 |
       Dungeon |  16965 |  16965 |      0 |   3511 |   8421 |   9 | 1885.0 |
               +--------+--------+--------+--------+--------+-----+--------+

Top non-repeatable levels by time:
     D:5: 3175 daAuts
     D:8: 2667 daAuts
     D:6: 2507 daAuts
     D:1: 1920 daAuts
     D:4: 1779 daAuts
     D:7: 1625 daAuts
     D:3: 1616 daAuts
     D:2: 1595 daAuts
     D:9: 77 daAuts
